Golden Knights vs Nordiques

Created - May 14, 2020 at 19:16

Goals
1 2 3 T
Golden Knights 0 1 2 3
Nordiques 4 0 1 5
Shots
1 2 3 T
Golden Knights 6 14 11 31
Nordiques 10 16 9 35

1st period

1. Nordiques , Evander Kane 36 (David Legwand 43) at 1:03 (PP)
2. Nordiques , R.J. Umberger 28 (Tim Connolly 33) at 8:54
3. Nordiques , Vladimir Tarasenko 43 (David Legwand 44) at 9:06
4. Nordiques , Maxim Talbot 24 (Fedor Tyutin 22, Jay Bouwmeester 23) at 15:22

Penalties :
Steve Bernier (Vgs) for Interference (Minor) at 0:54, Maxim Talbot (Que) for Hooking (Minor) at 6:44, Andrei Loktionov (Vgs) for Holding Stick (Minor) at 9:09, Fedor Tyutin (Que) for Hooking (Minor) at 13:02, Evander Kane (Que) for Roughing (Minor) at 16:48

2nd period

5. Golden Knights , Steve Bernier 9 (Maxim Lapierre 12, Alex Tanguay 21) at 11:32

Penalties :
Jonathan Quick (Que) for Delaying the game (Minor) at 2:13 - David Legwand served the penalty, Tim Connolly (Que) for Holding (Minor) at 7:13, Trevor Daley (Que) for Hooking (Minor) at 19:18

3rd period

6. Golden Knights , Michael Frolik 42 (Ilya Kovalchuk 37) at 1:18
7. Golden Knights , Alex Tanguay 16 (Andrei Loktionov 49, Zach Bogosian 50) at 14:54
8. Nordiques , Maxim Talbot 25 (Mike Brown 15, Fedor Tyutin 23) at 16:36

Penalties :
Andrei Loktionov (Vgs) for Boarding (Minor) at 12:31, Michael Frolik (Vgs) for Interference (Minor) at 16:47, Jiri Hudler (Que) for Interference (Minor) at 17:53

Goalie Stats

Matt Hackett (Vgs), 27 saves from 28 shots - (0.964), 44:38 minutes
Robin Lehner (Vgs), 3 saves from 7 shots - (0.429), L, 31-30-9, 15:22 minutes
Jonathan Quick (Que), 28 saves from 31 shots - (0.903), W, 36-17-6, 60:00 minutes

Players Stats for Golden Knights

Player Name              G  A  P  +/- PIM S  H  SB GA TA FO     MP     PP MP  PK MP  
------------------------------------------------------------------------------------
Alex Tanguay             1  1  2  -1  0   4  0  0  0  0  0/1    14:25   1:24   1:09 
Andrei Loktionov         0  1  1   1  4   3  1  0  0  1  9/22   20:58   6:21   0:00 
Brandon Bollig           0  0  0   0  0   2  0  0  1  0  0/0     6:02   0:00   0:00 
Chris Higgins            0  0  0  -1  0   3  0  0  1  0  0/2    19:28   5:18   0:00 
Damien Brunner           0  0  0   0  0   0  1  0  0  0  0/0     6:08   0:06   0:00 
Ilya Kovalchuk           0  1  1   1  0   4  1  2  0  2  0/7    20:11   6:59   3:17 
Jared Cowen              0  0  0   1  0   1  0  1  0  1  0/0    28:51   6:55   2:52 
Mathew Dumba             0  0  0   0  0   1  0  0  0  0  0/0     9:20   0:00   0:00 
Matt Stajan              0  0  0   1  0   1  0  0  0  0  10/18  17:05   5:51   1:39 
Maxim Lapierre           0  1  1  -2  0   3  0  0  0  1  3/10   13:06   0:01   1:49 
Michael Frolik           1  0  1   0  2   3  4  0  2  2  0/2    22:54   6:22   2:32 
Michael Kostka           0  0  0  -2  0   0  0  4  0  0  0/0    21:32   5:41   2:21 
Nathan Paetsch           0  0  0   0  0   0  1  1  0  0  0/0     9:35   0:24   0:00 
Ole-Kristian Tollefsen   0  0  0  -2  0   0  1  1  1  0  0/0    21:32   5:41   2:21 
Patrice Cormier          0  0  0   0  0   1  2  1  0  0  1/3     6:02   0:00   0:00 
Steve Bernier            1  0  1  -2  2   4  1  1  0  0  0/0    12:29   0:47   0:00 
Wayne Simmonds           0  0  0   0  0   0  2  0  0  0  0/0    15:02   5:51   0:00 
Zach Bogosian            0  1  1   1  0   1  1  2  0  1  0/0    29:10   7:19   2:52 

Players Stats for Nordiques

Player Name              G  A  P  +/- PIM S  H  SB GA TA FO     MP     PP MP  PK MP  
------------------------------------------------------------------------------------
Adam Pineault            0  0  0   0  0   0  0  0  0  0  0/0     4:24   0:00   0:00 
David Legwand            0  2  2   0  0   3  1  0  0  0  21/32  20:44   2:53   4:04 
Dustin Byfuglien         0  0  0   0  0   0  2  2  0  0  0/0    10:20   0:00   1:10 
Evander Kane             1  0  1   1  2   7  0  0  2  0  1/2    22:15   2:53   5:18 
Fedor Tyutin             0  2  2   1  2   2  1  1  2  1  0/0    21:33   2:27   4:18 
Jay Bouwmeester          0  1  1   0  0   0  1  1  1  0  0/0    28:26   2:46   7:43 
Jiri Hudler              0  0  0   1  2   2  0  0  0  0  1/1    15:09   2:19   0:00 
Maxim Talbot             2  0  2   0  2   5  0  0  0  0  1/2    11:10   0:00   0:57 
Mike Brown               0  1  1   0  0   1  1  1  0  0  1/2    13:19   0:00   3:26 
Mike Fisher              0  0  0   0  0   0  2  0  0  0  2/2     4:24   0:00   0:00 
Paul Gaustad             0  0  0   0  0   0  0  0  0  0  0/0     3:00   0:00   0:01 
R.J. Umberger            1  0  1   1  0   8  0  0  0  0  0/0    15:14   2:20   0:04 
Ryan Ellis               0  0  0   0  0   1  3  2  2  2  0/0    28:26   2:46   7:43 
T.J. Fast                0  0  0   1  0   0  1  2  0  0  0/0     9:08   0:00   0:00 
Tim Connolly             0  1  1   0  2   2  0  0  1  0  7/10   18:46   2:20   3:39 
Trevor Daley             0  0  0  -1  2   3  0  2  0  1  0/0    22:15   2:27   5:06 
Vladimir Tarasenko       1  0  1   1  0   1  0  0  0  1  5/11   25:10   2:53   6:18 
Zac Rinaldo              0  0  0   0  0   0  1  1  0  0  3/3    12:18   0:00   2:13 

3 Stars

1 - Maxim Talbot (Que)
2 - R.J. Umberger (Que)
3 - Vladimir Tarasenko (Que)

Power Play

Golden Knights - 0 on 7 Attempt(s) - 0.00%
Nordiques - 1 on 4 Attempt(s) - 25.00%

Penalty Kill

Golden Knights - 3 on 4 Attempt(s) - 75.00% - Score 0 goal in Penalty Kill
Nordiques - 7 on 7 Attempt(s) - 100.00% - Score 0 goal in Penalty Kill

Team Stat

Golden Knights - Hits : 15 - Faceoff Wins : 23 - Blocked Shots : 13 - Penalty Minutes : 8
Nordiques - Hits : 13 - Faceoff Wins : 42 - Blocked Shots : 12 - Penalty Minutes : 14

Official

Referees : Unknown
Linesman : Unknown

Game Notes

Matt Hackett enters game at 15:22 of 1st period

Finance

Level 1 -- Attendance: 4101 (68.35%) -- Ticket Income $512,625
Level 2 -- Attendance: 3441 (68.82%) -- Ticket Income $258,075
Level 3 -- Attendance: 1279 (63.95%) -- Ticket Income $63,950
Level 4 -- Attendance: 2286 (57.15%) -- Ticket Income $91,440
Luxury Box -- Attendance: 734 (73.40%) -- Ticket Income $139,460
Game was played at the Centre Videotron.
Total Attendance: 11841 (65.78%)
Total Ticket Income: $1,065,550
Other Income: $159,832
Total Income: $1,225,382

Golden Knights

5 vs 5 Forward 
   Center                   Left Wing                Right Wing               Time % Phy DF OF 
 1 Andrei Loktionov         Chris Higgins            Michael Frolik           40     1   2  2  
 2 Matt Stajan              Ilya Kovalchuk           Wayne Simmonds           30     1   2  2  
 3 Maxim Lapierre           Alex Tanguay             Steve Bernier            20     1   2  2  
 4 Patrice Cormier          Brandon Bollig           Damien Brunner           10     1   2  2  

5 vs 5 Defense 
   Defense                  Defense                                           Time % Phy DF OF 
 1 Zach Bogosian            Jared Cowen                                       40     1   2  2  
 2 Michael Kostka           Ole-Kristian Tollefsen                            30     1   2  2  
 3 Nathan Paetsch           Mathew Dumba                                      20     1   2  2  
 4 Zach Bogosian            Jared Cowen                                       10     1   2  2  

PowerPlay Forward 
   Center                   Left Wing                Right Wing               Time % Phy DF OF 
 1 Andrei Loktionov         Ilya Kovalchuk           Michael Frolik           60     1   2  2  
 2 Matt Stajan              Chris Higgins            Wayne Simmonds           40     1   2  2  

PowerPlay Defense
   Defense                  Defense                                           Time % Phy DF OF 
 1 Zach Bogosian            Jared Cowen                                       60     1   2  2  
 2 Michael Kostka           Ole-Kristian Tollefsen                            40     1   2  2  

Penalty Kill 4 Players Forward 
   Center                   Wing                     Time % Phy DF OF 
 1 Ilya Kovalchuk           Michael Frolik           60     1   2  2  
 2 Andrei Loktionov         Matt Stajan              40     1   2  2  

Penalty Kill 4 Players Defense
   Defense                  Defense                  Time % Phy DF OF 
 1 Zach Bogosian            Jared Cowen              60     1   2  2  
 2 Michael Kostka           Ole-Kristian Tollefsen   40     1   2  2  

Penalty Kill - 3 Players Forward 
   Forward                                           Time % Phy DF OF 
 1 Ilya Kovalchuk                                    60     1   2  2  
 2 Michael Frolik                                    40     1   2  2  

Penalty Kill - 3 Players Defense
   Defense                  Defense                  Time % Phy DF OF 
 1 Zach Bogosian            Jared Cowen              60     1   2  2  
 2 Michael Kostka           Ole-Kristian Tollefsen   40     1   2  2  

4 vs 4 Forward 
   Center                   Wing                     Time % Phy DF OF 
 1 Ilya Kovalchuk           Michael Frolik           60     1   2  2  
 2 Andrei Loktionov         Matt Stajan              40     1   2  2  

4 vs 4 Defense
   Defense                  Defense                  Time % Phy DF OF 
 1 Zach Bogosian            Jared Cowen              60     1   2  2  
 2 Michael Kostka           Ole-Kristian Tollefsen   40     1   2  2  

Last Minutes Offensive
   Center                   Left Wing                Right Wing               Defense                  Defense                  
   Andrei Loktionov         Ilya Kovalchuk           Michael Frolik           Zach Bogosian            Jared Cowen              

Last Minutes Defensive
   Center                   Left Wing                Right Wing               Defense                  Defense                  
   Andrei Loktionov         Ilya Kovalchuk           Michael Frolik           Zach Bogosian            Jared Cowen              

Goaltenders
Starting : Robin Lehner             
Backup : Matt Hackett             

Extra Forwards
Normal : Alex Tanguay, Steve Bernier, Maxim Lapierre - PP : Alex Tanguay, Steve Bernier - PK : Maxim Lapierre
Extra Defensemen
Normal : Nathan Paetsch, Mathew Dumba, Michael Kostka - PP : Nathan Paetsch - PK : Mathew Dumba, Michael Kostka
Penalty Shots
Ilya Kovalchuk, Michael Frolik, Andrei Loktionov, Matt Stajan, Wayne Simmonds

Scratches
Vladimir Mihalik (Bruised Left Foot Injury)

Nordiques

5 vs 5 Forward 
   Center                   Left Wing                Right Wing               Time % Phy DF OF 
 1 David Legwand            Evander Kane             Vladimir Tarasenko       40     1   2  2  
 2 Tim Connolly             R.J. Umberger            Jiri Hudler              30     1   2  2  
 3 Maxim Talbot             Zac Rinaldo              Mike Brown               20     1   2  2  
 4 Mike Fisher              Vladimir Tarasenko       Adam Pineault            10     1   2  2  

5 vs 5 Defense 
   Defense                  Defense                                           Time % Phy DF OF 
 1 Ryan Ellis               Jay Bouwmeester                                   40     1   2  2  
 2 Fedor Tyutin             Trevor Daley                                      30     1   2  2  
 3 T.J. Fast                Dustin Byfuglien                                  20     1   2  2  
 4 Ryan Ellis               Jay Bouwmeester                                   10     1   2  2  

PowerPlay Forward 
   Center                   Left Wing                Right Wing               Time % Phy DF OF 
 1 David Legwand            Evander Kane             Vladimir Tarasenko       60     1   2  2  
 2 Tim Connolly             R.J. Umberger            Jiri Hudler              40     1   2  2  

PowerPlay Defense
   Defense                  Defense                                           Time % Phy DF OF 
 1 Ryan Ellis               Jay Bouwmeester                                   60     1   2  2  
 2 Fedor Tyutin             Trevor Daley                                      40     1   2  2  

Penalty Kill 4 Players Forward 
   Center                   Wing                     Time % Phy DF OF 
 1 Vladimir Tarasenko       Evander Kane             60     1   2  2  
 2 David Legwand            Tim Connolly             40     1   2  2  

Penalty Kill 4 Players Defense
   Defense                  Defense                  Time % Phy DF OF 
 1 Ryan Ellis               Jay Bouwmeester          60     1   2  2  
 2 Fedor Tyutin             Trevor Daley             40     1   2  2  

Penalty Kill - 3 Players Forward 
   Forward                                           Time % Phy DF OF 
 1 Vladimir Tarasenko                                60     1   2  2  
 2 Evander Kane                                      40     1   2  2  

Penalty Kill - 3 Players Defense
   Defense                  Defense                  Time % Phy DF OF 
 1 Ryan Ellis               Jay Bouwmeester          60     1   2  2  
 2 Fedor Tyutin             Trevor Daley             40     1   2  2  

4 vs 4 Forward 
   Center                   Wing                     Time % Phy DF OF 
 1 Vladimir Tarasenko       Evander Kane             60     1   2  2  
 2 David Legwand            Tim Connolly             40     1   2  2  

4 vs 4 Defense
   Defense                  Defense                  Time % Phy DF OF 
 1 Ryan Ellis               Jay Bouwmeester          60     1   2  2  
 2 Fedor Tyutin             Trevor Daley             40     1   2  2  

Last Minutes Offensive
   Center                   Left Wing                Right Wing               Defense                  Defense                  
   David Legwand            Evander Kane             Vladimir Tarasenko       Ryan Ellis               Jay Bouwmeester          

Last Minutes Defensive
   Center                   Left Wing                Right Wing               Defense                  Defense                  
   David Legwand            Evander Kane             Vladimir Tarasenko       Ryan Ellis               Jay Bouwmeester          

Goaltenders
Starting : Jonathan Quick           
Backup : Julien Ellis             

Extra Forwards
Normal : Paul Gaustad, Maxim Talbot, Mike Brown - PP : Paul Gaustad, Maxim Talbot - PK : Mike Brown
Extra Defensemen
Normal : T.J. Fast, Dustin Byfuglien, Fedor Tyutin - PP : T.J. Fast - PK : Dustin Byfuglien, Fedor Tyutin
Penalty Shots
Vladimir Tarasenko, Evander Kane, David Legwand, Tim Connolly, R.J. Umberger

Scratches
Cody McLeod (Healthy), Matt Gilroy (Healthy), James Sheppard (Healthy)

% Time on Ice - Golden Knights

Lines # - Real PCT - Wanted PCT - Time Play
Normal Forward
1 - 36% - 40% - 14:42
2 - 22% - 30% - 9:11
3 - 27% - 20% - 10:59
4 - 15% - 10% - 6:02
Normal Defense
1 - 43% - 40% - 17:38
2 - 33% - 30% - 13:30
3 - 22% - 20% - 9:11
4 - 1% - 10% - 0:35
PP Forward
1 - 55% - 60% - 7:09
2 - 45% - 40% - 5:51
PP Defense
1 - 56% - 60% - 7:19
2 - 44% - 40% - 5:41
PK Forward
1 - 81% - 60% - 4:13
2 - 19% - 40% - 1:00
PK Defense
1 - 55% - 60% - 2:52
2 - 45% - 40% - 2:21
PK3 Forward
1 - 0% - 60%
2 - 0% - 40%
PK3 Defense
1 - 0% - 60%
2 - 0% - 40%
44 Forward
1 - 100% - 60% - 0:53
2 - 0% - 40% - 0:00
44 Defense
1 - 100% - 60% - 0:53
2 - 0% - 40% - 0:00
Last Minute Offensive  - 0:00
Last Minute Defensive  - 0:00
Total
Forward - 60:00
Defense - 60:00

% Time on Ice - Nordiques

Lines # - Real PCT - Wanted PCT - Time Play
Normal Forward
1 - 33% - 40% - 13:35
2 - 32% - 30% - 13:09
3 - 24% - 20% - 9:46
4 - 11% - 10% - 4:24
Normal Defense
1 - 40% - 40% - 16:21
2 - 35% - 30% - 14:26
3 - 22% - 20% - 9:01
4 - 3% - 10% - 1:06
PP Forward
1 - 55% - 60% - 2:53
2 - 45% - 40% - 2:20
PP Defense
1 - 53% - 60% - 2:46
2 - 47% - 40% - 2:27
PK Forward
1 - 63% - 60% - 8:10
2 - 37% - 40% - 4:50
PK Defense
1 - 59% - 60% - 7:43
2 - 41% - 40% - 5:17
PK3 Forward
1 - 0% - 60%
2 - 0% - 40%
PK3 Defense
1 - 0% - 60%
2 - 0% - 40%
44 Forward
1 - 100% - 60% - 0:53
2 - 0% - 40% - 0:00
44 Defense
1 - 57% - 60% - 0:30
2 - 43% - 40% - 0:23
Last Minute Offensive  - 0:00
Last Minute Defensive  - 0:00
Total
Forward - 60:00
Defense - 60:00

Play-by-Play

1st period


0:01 of 1st period - Andrei Loktionov wins face-off versus David Legwand in neutral zone.
0:54 of 1st period - Minor Penalty to Steve Bernier for Interference.
0:55 of 1st period - David Legwand wins face-off versus Ilya Kovalchuk in Golden Knights zone.
1:03 of 1st period - Snap shot by Evander Kane.
1:03 of 1st period - Goal by Evander Kane - Golden Knights : 0 - Nordiques : 1.
1:04 of 1st period - Patrice Cormier wins face-off versus Vladimir Tarasenko in neutral zone.
1:52 of 1st period - Snap shot by Steve Bernier.
1:52 of 1st period - Shot Blocked by Dustin Byfuglien.
2:21 of 1st period - Snap shot by Ilya Kovalchuk.
2:21 of 1st period - Stopped by Jonathan Quick with a rebound.
5:11 of 1st period - Mike Brown is hit by Patrice Cormier.
5:39 of 1st period - Maxim Lapierre is hit by T.J. Fast and loses puck.
6:10 of 1st period - Jiri Hudler is hit by Nathan Paetsch and loses puck.
6:27 of 1st period - Ryan Ellis is hit by Damien Brunner and loses puck.
6:44 of 1st period - Minor Penalty to Maxim Talbot for Hooking.
6:45 of 1st period - Vladimir Tarasenko wins face-off versus Michael Frolik in Nordiques zone.
8:22 of 1st period - Icing by Zach Bogosian.
8:23 of 1st period - Andrei Loktionov wins face-off versus Mike Brown in Golden Knights zone.
8:44 of 1st period - Penalty to Maxim Talbot is over, Maxim Talbot is back on ice.
8:54 of 1st period - Snap shot by R.J. Umberger.
8:54 of 1st period - Goal by R.J. Umberger - Golden Knights : 0 - Nordiques : 2.
8:55 of 1st period - David Legwand wins face-off versus Chris Higgins in neutral zone.
9:04 of 1st period - Snap shot by Vladimir Tarasenko.
9:04 of 1st period - Shot Misses the Net.
9:06 of 1st period - Slapshot by Vladimir Tarasenko.
9:06 of 1st period - Goal by Vladimir Tarasenko - Golden Knights : 0 - Nordiques : 3.
9:07 of 1st period - Andrei Loktionov wins face-off versus Evander Kane in neutral zone.
9:09 of 1st period - Minor Penalty to Andrei Loktionov for Holding Stick.
9:10 of 1st period - David Legwand wins face-off versus Ilya Kovalchuk in Golden Knights zone.
11:09 of 1st period - Penalty to Andrei Loktionov is over, Andrei Loktionov is back on ice.
11:17 of 1st period - Snap shot by Michael Frolik.
11:17 of 1st period - Shot Misses the Net.
11:19 of 1st period - Slapshot by Mathew Dumba.
11:19 of 1st period - Shot Blocked by Zac Rinaldo.
11:49 of 1st period - Adam Pineault is hit by Steve Bernier and loses puck.
12:41 of 1st period - Wrist shot by Maxim Lapierre.
12:41 of 1st period - Shot Blocked by Fedor Tyutin.
12:47 of 1st period - Wrist shot by Steve Bernier.
12:47 of 1st period - Stopped by Jonathan Quick without a rebound.
12:48 of 1st period - Matt Stajan wins face-off versus David Legwand in Nordiques zone.
12:53 of 1st period - Wrist shot by Ilya Kovalchuk.
12:53 of 1st period - Shot Blocked by T.J. Fast.
12:55 of 1st period - Snap shot by Matt Stajan.
12:55 of 1st period - Shot Misses the Net.
12:57 of 1st period - Wrist shot by Wayne Simmonds.
12:57 of 1st period - Deflect By Ilya Kovalchuk.
12:57 of 1st period - Stopped by Jonathan Quick with a rebound.
12:59 of 1st period - Snap shot by Mathew Dumba.
12:59 of 1st period - Stopped by Jonathan Quick without a rebound.
13:00 of 1st period - David Legwand wins face-off versus Andrei Loktionov in Nordiques zone.
13:02 of 1st period - Minor Penalty to Fedor Tyutin for Hooking.
13:03 of 1st period - Andrei Loktionov wins face-off versus Vladimir Tarasenko in Nordiques zone.
13:33 of 1st period - Slapshot by Trevor Daley.
13:33 of 1st period - Stopped by Robin Lehner with a rebound.
13:35 of 1st period - Slapshot by Trevor Daley.
13:35 of 1st period - Shot Blocked by Zach Bogosian.
13:37 of 1st period - Slapshot by Trevor Daley.
13:37 of 1st period - Shot Misses the Net.
13:39 of 1st period - Snap shot by Tim Connolly.
13:39 of 1st period - Shot Blocked by Jared Cowen.
13:41 of 1st period - Snap shot by David Legwand.
13:41 of 1st period - Stopped by Robin Lehner with a rebound.
13:43 of 1st period - Slapshot by Trevor Daley.
13:43 of 1st period - Stopped by Robin Lehner with a rebound.
14:01 of 1st period - Evander Kane is hit by Michael Frolik and loses puck.
15:02 of 1st period - Penalty to Fedor Tyutin is over, Fedor Tyutin is back on ice.
15:14 of 1st period - Maxim Lapierre is hit by Ryan Ellis.
15:22 of 1st period - Snap shot by Maxim Talbot.
15:22 of 1st period - Goal by Maxim Talbot - Golden Knights : 0 - Nordiques : 4.
15:22 of 1st period - Matt Hackett enters game.
15:23 of 1st period - David Legwand wins face-off versus Maxim Lapierre in neutral zone.
16:01 of 1st period - Snap shot by Maxim Talbot.
16:01 of 1st period - Stopped by Matt Hackett with a rebound.
16:11 of 1st period - Snap shot by Steve Bernier.
16:11 of 1st period - Shot Blocked by Trevor Daley.
16:35 of 1st period - Snap shot by Evander Kane.
16:35 of 1st period - Stopped by Matt Hackett with a rebound.
16:37 of 1st period - Snap shot by Evander Kane.
16:37 of 1st period - Stopped by Matt Hackett without a rebound.
16:38 of 1st period - David Legwand wins face-off versus Andrei Loktionov in Golden Knights zone.
16:48 of 1st period - Minor Penalty to Evander Kane for Roughing.
16:49 of 1st period - Andrei Loktionov wins face-off versus Vladimir Tarasenko in Nordiques zone.
17:31 of 1st period - David Legwand is hit by Wayne Simmonds and loses puck.
18:16 of 1st period - Jay Bouwmeester is hit by Michael Frolik and loses puck.
18:48 of 1st period - Penalty to Evander Kane is over, Evander Kane is back on ice.
19:18 of 1st period - Wrist shot by Patrice Cormier.
19:18 of 1st period - Stopped by Jonathan Quick without a rebound.
19:19 of 1st period - Mike Fisher wins face-off versus Patrice Cormier in Nordiques zone.
19:19 of 1st period - Mike Fisher is hit by Patrice Cormier.
19:41 of 1st period - Wrist shot by Alex Tanguay.
19:41 of 1st period - Stopped by Jonathan Quick without a rebound.
19:42 of 1st period - Tim Connolly wins face-off versus Maxim Lapierre in Nordiques zone.
Goals for this period are 0 for Golden Knights vs 4 for Nordiques.
Shots for this period are 6 for Golden Knights vs 10 for Nordiques.

2nd period


0:01 of 2nd period - David Legwand wins face-off versus Andrei Loktionov in neutral zone.
0:04 of 2nd period - Slapshot by Ryan Ellis.
0:04 of 2nd period - Stopped by Matt Hackett without a rebound.
0:05 of 2nd period - David Legwand wins face-off versus Andrei Loktionov in Golden Knights zone.
0:12 of 2nd period - Snap shot by Evander Kane.
0:12 of 2nd period - Stopped by Matt Hackett with a rebound.
0:52 of 2nd period - Slapshot by Jared Cowen.
0:52 of 2nd period - Shot Misses the Net.
0:54 of 2nd period - Wrist shot by Maxim Lapierre.
0:54 of 2nd period - Deflect By Maxim Talbot.
0:54 of 2nd period - Stopped by Jonathan Quick with a rebound.
0:56 of 2nd period - Snap shot by Steve Bernier.
0:56 of 2nd period - Stopped by Jonathan Quick without a rebound.
0:57 of 2nd period - David Legwand wins face-off versus Maxim Lapierre in Nordiques zone.
1:04 of 2nd period - Slapshot by Vladimir Tarasenko.
1:04 of 2nd period - Shot Hit the Post.
1:06 of 2nd period - Wrist shot by David Legwand.
1:06 of 2nd period - Stopped by Matt Hackett with a rebound.
1:08 of 2nd period - Slapshot by Trevor Daley.
1:08 of 2nd period - Shot Blocked by Steve Bernier.
1:10 of 2nd period - Slapshot by Trevor Daley.
1:10 of 2nd period - Deflect By Ole-Kristian Tollefsen.
1:10 of 2nd period - Stopped by Matt Hackett without a rebound.
1:11 of 2nd period - Andrei Loktionov wins face-off versus David Legwand in Golden Knights zone.
1:20 of 2nd period - Icing by David Legwand.
1:21 of 2nd period - David Legwand wins face-off versus Chris Higgins in Nordiques zone.
1:21 of 2nd period - David Legwand is hit by Michael Frolik.
2:11 of 2nd period - Snap shot by Chris Higgins.
2:11 of 2nd period - Stopped by Jonathan Quick with a rebound.
2:13 of 2nd period - Wrist shot by Michael Frolik.
2:13 of 2nd period - Stopped by Jonathan Quick without a rebound.
2:13 of 2nd period - Minor Penalty to Jonathan Quick for Delaying the game.
2:14 of 2nd period - Matt Stajan wins face-off versus Vladimir Tarasenko in Nordiques zone.
4:13 of 2nd period - Penalty to David Legwand is over, David Legwand is back on ice.
4:26 of 2nd period - Snap shot by R.J. Umberger.
4:26 of 2nd period - Shot Blocked by Patrice Cormier.
4:28 of 2nd period - Snap shot by R.J. Umberger.
4:28 of 2nd period - Shot Misses the Net.
4:30 of 2nd period - Wrist shot by Jiri Hudler.
4:30 of 2nd period - Deflect By R.J. Umberger.
4:30 of 2nd period - Stopped by Matt Hackett with a rebound.
4:40 of 2nd period - Alex Tanguay is hit by Zac Rinaldo and loses puck.
4:55 of 2nd period - Snap shot by Maxim Talbot.
4:55 of 2nd period - Stopped by Matt Hackett with a rebound.
5:19 of 2nd period - Icing by Nathan Paetsch.
5:20 of 2nd period - David Legwand wins face-off versus Maxim Lapierre in Golden Knights zone.
5:46 of 2nd period - Snap shot by Maxim Lapierre.
5:46 of 2nd period - Stopped by Jonathan Quick without a rebound.
5:47 of 2nd period - Tim Connolly wins face-off versus Andrei Loktionov in Nordiques zone.
5:54 of 2nd period - Snap shot by R.J. Umberger.
5:54 of 2nd period - Stopped by Matt Hackett without a rebound.
5:55 of 2nd period - Tim Connolly wins face-off versus Andrei Loktionov in Golden Knights zone.
6:02 of 2nd period - Snap shot by R.J. Umberger.
6:02 of 2nd period - Stopped by Matt Hackett with a rebound.
6:04 of 2nd period - Snap shot by Jiri Hudler.
6:04 of 2nd period - Stopped by Matt Hackett with a rebound.
6:06 of 2nd period - Wrist shot by Jiri Hudler.
6:06 of 2nd period - Shot Misses the Net.
6:18 of 2nd period - Wrist shot by R.J. Umberger.
6:18 of 2nd period - Stopped by Matt Hackett with a rebound.
6:20 of 2nd period - Slapshot by R.J. Umberger.
6:20 of 2nd period - Stopped by Matt Hackett with a rebound.
6:42 of 2nd period - Wrist shot by Andrei Loktionov.
6:42 of 2nd period - Shot Misses the Net.
7:13 of 2nd period - Minor Penalty to Tim Connolly for Holding.
7:14 of 2nd period - Matt Stajan wins face-off versus Vladimir Tarasenko in Nordiques zone.
7:19 of 2nd period - Snap shot by Alex Tanguay.
7:19 of 2nd period - Deflect By Matt Stajan.
7:19 of 2nd period - Shot Blocked by Ryan Ellis.
7:19 of 2nd period - Puck is out of play.
7:20 of 2nd period - Vladimir Tarasenko wins face-off versus Matt Stajan in Nordiques zone.
8:38 of 2nd period - Trevor Daley is hit by Ilya Kovalchuk and loses puck.
9:13 of 2nd period - Penalty to Tim Connolly is over, Tim Connolly is back on ice.
9:24 of 2nd period - Wrist shot by Patrice Cormier.
9:24 of 2nd period - Deflect By Brandon Bollig.
9:24 of 2nd period - Shot Blocked by Ryan Ellis.
9:24 of 2nd period - Puck is out of play.
9:25 of 2nd period - Tim Connolly wins face-off versus Patrice Cormier in Nordiques zone.
9:54 of 2nd period - Wrist shot by Alex Tanguay.
9:54 of 2nd period - Shot Blocked by Mike Brown.
9:56 of 2nd period - Slapshot by Steve Bernier.
9:56 of 2nd period - Stopped by Jonathan Quick without a rebound.
9:57 of 2nd period - Maxim Lapierre wins face-off versus David Legwand in Nordiques zone.
9:58 of 2nd period - Snap shot by Alex Tanguay.
9:58 of 2nd period - Stopped by Jonathan Quick without a rebound.
9:59 of 2nd period - David Legwand wins face-off versus Maxim Lapierre in Nordiques zone.
9:59 of 2nd period - David Legwand is hit by Zach Bogosian.
10:08 of 2nd period - Off-side.
10:09 of 2nd period - David Legwand wins face-off versus Matt Stajan in neutral zone.
10:22 of 2nd period - Snap shot by Evander Kane.
10:22 of 2nd period - Stopped by Matt Hackett with a rebound.
10:24 of 2nd period - Slapshot by Ryan Ellis.
10:24 of 2nd period - Shot Blocked by Ilya Kovalchuk.
10:26 of 2nd period - Slapshot by David Legwand.
10:26 of 2nd period - Shot Misses the Net.
11:09 of 2nd period - Wrist shot by Mike Brown.
11:09 of 2nd period - Shot Blocked by Michael Kostka.
11:30 of 2nd period - Snap shot by Maxim Lapierre.
11:30 of 2nd period - Shot Misses the Net.
11:32 of 2nd period - Snap shot by Steve Bernier.
11:32 of 2nd period - Goal by Steve Bernier - Golden Knights : 1 - Nordiques : 4.
11:33 of 2nd period - David Legwand wins face-off versus Matt Stajan in neutral zone.
11:38 of 2nd period - Slapshot by Fedor Tyutin.
11:38 of 2nd period - Deflect By Zach Bogosian.
11:38 of 2nd period - Stopped by Matt Hackett without a rebound.
11:39 of 2nd period - Matt Stajan wins face-off versus David Legwand in Golden Knights zone.
12:33 of 2nd period - Wrist shot by Jared Cowen.
12:33 of 2nd period - Stopped by Jonathan Quick with a rebound.
12:35 of 2nd period - Slapshot by Maxim Lapierre.
12:35 of 2nd period - Shot Misses the Net.
12:51 of 2nd period - Wrist shot by Evander Kane.
12:51 of 2nd period - Shot Misses the Net.
13:19 of 2nd period - Wrist shot by Tim Connolly.
13:19 of 2nd period - Deflect By Jiri Hudler.
13:19 of 2nd period - Shot Blocked by Michael Kostka.
13:19 of 2nd period - Puck is out of play.
13:20 of 2nd period - Tim Connolly wins face-off versus Andrei Loktionov in Golden Knights zone.
13:31 of 2nd period - Snap shot by Andrei Loktionov.
13:31 of 2nd period - Shot Misses the Net.
13:33 of 2nd period - Slapshot by Michael Kostka.
13:33 of 2nd period - Deflect By Chris Higgins.
13:33 of 2nd period - Stopped by Jonathan Quick with a rebound.
13:35 of 2nd period - Wrist shot by Andrei Loktionov.
13:35 of 2nd period - Shot Blocked by Jay Bouwmeester.
13:47 of 2nd period - Ole-Kristian Tollefsen is hit by Ryan Ellis.
14:32 of 2nd period - Wrist shot by Chris Higgins.
14:32 of 2nd period - Shot Misses the Net.
14:34 of 2nd period - Snap shot by Michael Frolik.
14:34 of 2nd period - Deflect By Andrei Loktionov.
14:34 of 2nd period - Stopped by Jonathan Quick without a rebound.
14:35 of 2nd period - Andrei Loktionov wins face-off versus David Legwand in Nordiques zone.
14:51 of 2nd period - Slapshot by Ole-Kristian Tollefsen.
14:51 of 2nd period - Shot Blocked by T.J. Fast.
15:56 of 2nd period - Backhand shot by Andrei Loktionov.
15:56 of 2nd period - Stopped by Jonathan Quick without a rebound.
15:57 of 2nd period - Matt Stajan wins face-off versus Tim Connolly in Nordiques zone.
16:00 of 2nd period - Snap shot by Matt Stajan.
16:00 of 2nd period - Stopped by Jonathan Quick without a rebound.
16:01 of 2nd period - Matt Stajan wins face-off versus Tim Connolly in Nordiques zone.
16:12 of 2nd period - Slapshot by R.J. Umberger.
16:12 of 2nd period - Shot Misses the Net.
16:14 of 2nd period - Slapshot by Jiri Hudler.
16:14 of 2nd period - Stopped by Matt Hackett without a rebound.
16:15 of 2nd period - Jiri Hudler wins face-off versus Matt Stajan in Golden Knights zone.
16:16 of 2nd period - Wrist shot by R.J. Umberger.
16:16 of 2nd period - Shot Blocked by Ilya Kovalchuk.
16:18 of 2nd period - Slapshot by Jay Bouwmeester.
16:18 of 2nd period - Shot Blocked by Zach Bogosian.
16:20 of 2nd period - Slapshot by Jiri Hudler.
16:20 of 2nd period - Shot Misses the Net.
16:42 of 2nd period - Maxim Lapierre is hit by Jay Bouwmeester and loses puck.
16:51 of 2nd period - Slapshot by Maxim Talbot.
16:51 of 2nd period - Stopped by Matt Hackett without a rebound.
16:52 of 2nd period - Evander Kane wins face-off versus Matt Stajan in Golden Knights zone.
17:04 of 2nd period - Off-side.
17:05 of 2nd period - Andrei Loktionov wins face-off versus David Legwand in neutral zone.
17:34 of 2nd period - Slapshot by Zach Bogosian.
17:34 of 2nd period - Deflect By Ilya Kovalchuk.
17:34 of 2nd period - Shot Misses the Net.
17:34 of 2nd period - Puck is out of play.
17:35 of 2nd period - Tim Connolly wins face-off versus Matt Stajan in Nordiques zone.
17:46 of 2nd period - Snap shot by Tim Connolly.
17:46 of 2nd period - Stopped by Matt Hackett without a rebound.
17:47 of 2nd period - David Legwand wins face-off versus Matt Stajan in Golden Knights zone.
17:52 of 2nd period - Wrist shot by Vladimir Tarasenko.
17:52 of 2nd period - Shot Misses the Net.
18:28 of 2nd period - Slapshot by Jared Cowen.
18:28 of 2nd period - Shot Misses the Net.
18:39 of 2nd period - Off-side.
18:40 of 2nd period - Mike Fisher wins face-off versus Maxim Lapierre in neutral zone.
18:53 of 2nd period - Snap shot by Alex Tanguay.
18:53 of 2nd period - Stopped by Jonathan Quick without a rebound.
18:54 of 2nd period - Matt Stajan wins face-off versus David Legwand in Nordiques zone.
19:18 of 2nd period - Minor Penalty to Trevor Daley for Hooking.
19:19 of 2nd period - Vladimir Tarasenko wins face-off versus Andrei Loktionov in Nordiques zone.
19:58 of 2nd period - Off-side.
19:59 of 2nd period - Matt Stajan wins face-off versus David Legwand in neutral zone.
Goals for this period are 1 for Golden Knights vs 0 for Nordiques.
Shots for this period are 14 for Golden Knights vs 16 for Nordiques.

3rd period


0:01 of 3rd period - Vladimir Tarasenko wins face-off versus Andrei Loktionov in neutral zone.
0:41 of 3rd period - Snap shot by Michael Frolik.
0:41 of 3rd period - Shot Misses the Net.
0:43 of 3rd period - Snap shot by Ilya Kovalchuk.
0:43 of 3rd period - Shot Misses the Net.
0:45 of 3rd period - Snap shot by Ilya Kovalchuk.
0:45 of 3rd period - Stopped by Jonathan Quick with a rebound.
1:06 of 3rd period - Tim Connolly is hit by Andrei Loktionov and loses puck.
1:18 of 3rd period - Penalty to Trevor Daley is over, Trevor Daley is back on ice.
1:18 of 3rd period - Snap shot by Michael Frolik.
1:18 of 3rd period - Goal by Michael Frolik - Golden Knights : 2 - Nordiques : 4.
1:19 of 3rd period - Mike Brown wins face-off versus Maxim Lapierre in neutral zone.
1:21 of 3rd period - Off-side.
1:22 of 3rd period - Maxim Lapierre wins face-off versus Maxim Talbot in neutral zone.
1:53 of 3rd period - Slapshot by Ole-Kristian Tollefsen.
1:53 of 3rd period - Shot Misses the Net.
1:55 of 3rd period - Snap shot by Brandon Bollig.
1:55 of 3rd period - Stopped by Jonathan Quick with a rebound.
1:57 of 3rd period - Snap shot by Patrice Cormier.
1:57 of 3rd period - Shot Blocked by Trevor Daley.
2:56 of 3rd period - Slapshot by R.J. Umberger.
2:56 of 3rd period - Shot Blocked by Nathan Paetsch.
3:26 of 3rd period - Snap shot by David Legwand.
3:26 of 3rd period - Shot Blocked by Michael Kostka.
3:28 of 3rd period - Wrist shot by David Legwand.
3:28 of 3rd period - Deflect By Ole-Kristian Tollefsen.
3:28 of 3rd period - Shot Blocked by Ole-Kristian Tollefsen.
3:28 of 3rd period - Puck is out of play.
3:29 of 3rd period - David Legwand wins face-off versus Andrei Loktionov in Golden Knights zone.
3:44 of 3rd period - Snap shot by Evander Kane.
3:44 of 3rd period - Shot Misses the Net.
3:46 of 3rd period - Wrist shot by Vladimir Tarasenko.
3:46 of 3rd period - Deflect By David Legwand.
3:46 of 3rd period - Stopped by Matt Hackett without a rebound.
3:47 of 3rd period - Zac Rinaldo wins face-off versus Matt Stajan in Golden Knights zone.
6:08 of 3rd period - Wayne Simmonds is hit by Dustin Byfuglien and loses puck.
6:33 of 3rd period - Michael Kostka is hit by Mike Fisher and loses puck.
6:40 of 3rd period - Wrist shot by Michael Frolik.
6:40 of 3rd period - Stopped by Jonathan Quick with a rebound.
6:50 of 3rd period - Ole-Kristian Tollefsen is hit by Fedor Tyutin and loses puck.
7:45 of 3rd period - Steve Bernier is hit by Ryan Ellis and loses puck.
8:26 of 3rd period - Vladimir Tarasenko is hit by Michael Frolik and loses puck.
9:00 of 3rd period - Slapshot by Chris Higgins.
9:00 of 3rd period - Shot Blocked by Dustin Byfuglien.
9:02 of 3rd period - Slapshot by Chris Higgins.
9:02 of 3rd period - Stopped by Jonathan Quick without a rebound.
9:03 of 3rd period - Matt Stajan wins face-off versus Tim Connolly in Nordiques zone.
9:16 of 3rd period - Wrist shot by Ilya Kovalchuk.
9:16 of 3rd period - Stopped by Jonathan Quick with a rebound.
9:18 of 3rd period - Snap shot by Wayne Simmonds.
9:18 of 3rd period - Shot Misses the Net.
9:28 of 3rd period - Alex Tanguay is hit by Dustin Byfuglien and loses puck.
10:15 of 3rd period - Damien Brunner is hit by Mike Brown and loses puck.
10:44 of 3rd period - Patrice Cormier is hit by Mike Fisher and loses puck.
10:57 of 3rd period - Snap shot by Mike Brown.
10:57 of 3rd period - Stopped by Matt Hackett with a rebound.
11:13 of 3rd period - Jared Cowen is hit by David Legwand and loses puck.
12:04 of 3rd period - Snap shot by Brandon Bollig.
12:04 of 3rd period - Stopped by Jonathan Quick without a rebound.
12:05 of 3rd period - Zac Rinaldo wins face-off versus Andrei Loktionov in Nordiques zone.
12:15 of 3rd period - Snap shot by Andrei Loktionov.
12:15 of 3rd period - Stopped by Jonathan Quick without a rebound.
12:16 of 3rd period - David Legwand wins face-off versus Michael Frolik in Nordiques zone.
12:16 of 3rd period - David Legwand is hit by Ole-Kristian Tollefsen.
12:31 of 3rd period - Minor Penalty to Andrei Loktionov for Boarding.
12:32 of 3rd period - David Legwand wins face-off versus Ilya Kovalchuk in Golden Knights zone.
12:44 of 3rd period - Backhand shot by Evander Kane.
12:44 of 3rd period - Stopped by Matt Hackett with a rebound.
13:03 of 3rd period - Off-side.
13:04 of 3rd period - Tim Connolly wins face-off versus Ilya Kovalchuk in neutral zone.
13:17 of 3rd period - Slapshot by R.J. Umberger.
13:17 of 3rd period - Deflect By Tim Connolly.
13:17 of 3rd period - Stopped by Matt Hackett with a rebound.
13:19 of 3rd period - Slapshot by Fedor Tyutin.
13:19 of 3rd period - Shot Misses the Net.
13:21 of 3rd period - Snap shot by R.J. Umberger.
13:21 of 3rd period - Stopped by Matt Hackett without a rebound.
13:22 of 3rd period - David Legwand wins face-off versus Ilya Kovalchuk in Golden Knights zone.
14:31 of 3rd period - Penalty to Andrei Loktionov is over, Andrei Loktionov is back on ice.
14:38 of 3rd period - Snap shot by Matt Stajan.
14:38 of 3rd period - Shot Misses the Net.
14:54 of 3rd period - Snap shot by Alex Tanguay.
14:54 of 3rd period - Goal by Alex Tanguay - Golden Knights : 3 - Nordiques : 4.
14:55 of 3rd period - Andrei Loktionov wins face-off versus David Legwand in neutral zone.
15:57 of 3rd period - Snap shot by R.J. Umberger.
15:57 of 3rd period - Stopped by Matt Hackett without a rebound.
15:58 of 3rd period - David Legwand wins face-off versus Andrei Loktionov in Golden Knights zone.
16:28 of 3rd period - Off-side.
16:29 of 3rd period - Maxim Talbot wins face-off versus Alex Tanguay in neutral zone.
16:32 of 3rd period - Wrist shot by Fedor Tyutin.
16:32 of 3rd period - Stopped by Matt Hackett with a rebound.
16:34 of 3rd period - Snap shot by Mike Brown.
16:34 of 3rd period - Shot Blocked by Michael Kostka.
16:36 of 3rd period - Wrist shot by Maxim Talbot.
16:36 of 3rd period - Goal by Maxim Talbot - Golden Knights : 3 - Nordiques : 5.
16:37 of 3rd period - Zac Rinaldo wins face-off versus Andrei Loktionov in neutral zone.
16:47 of 3rd period - Minor Penalty to Michael Frolik for Interference.
16:48 of 3rd period - David Legwand wins face-off versus Ilya Kovalchuk in Golden Knights zone.
16:48 of 3rd period - Snap shot by Evander Kane.
16:48 of 3rd period - Stopped by Matt Hackett without a rebound.
16:49 of 3rd period - Maxim Lapierre wins face-off versus David Legwand in Golden Knights zone.
17:53 of 3rd period - Minor Penalty to Jiri Hudler for Interference.
17:54 of 3rd period - Vladimir Tarasenko wins face-off versus Ilya Kovalchuk in Nordiques zone.
18:37 of 3rd period - Snap shot by Maxim Lapierre.
18:37 of 3rd period - Stopped by Jonathan Quick with a rebound.
18:47 of 3rd period - Penalty to Michael Frolik is over, Michael Frolik is back on ice.
18:47 of 3rd period - Slapshot by Zach Bogosian.
18:47 of 3rd period - Stopped by Jonathan Quick without a rebound.
18:48 of 3rd period - Matt Stajan wins face-off versus Vladimir Tarasenko in Nordiques zone.
19:37 of 3rd period - Trevor Daley is hit by Wayne Simmonds and loses puck.
19:53 of 3rd period - Penalty to Jiri Hudler is over, Jiri Hudler is back on ice.
Goals for this period are 2 for Golden Knights vs 1 for Nordiques.
Shots for this period are 11 for Golden Knights vs 9 for Nordiques.